AoeStats
← 轻拢慢念抹复挑

Black Forest

509582179Analyzed
4v4 RM · 5d ago on Sep 27, 2026· 47m 34s· 8 players
Game mode
Random Map
Map size
Large (8 player)
Population
200
Speed
Normal
Resources
Standard
Victory
Conquest
Starting age
Dark Age
Ending age
Imperial Age
RankedLock teamsTeams togetherTeam positionsShared explorationLock speedFull tech treeHidden civsTurbo modeCheats
Victory
Defeat
🇪🇸 Hindustanis · Spain
1139
+13
🇪🇸 Lithuanians · Spain
1093
+15
🇬🇷 Goths · Greece
1089
+15
🇬🇷 Khmer · Greece
1065
+16
🇨🇳 Inca · China
1104
-16
🇨🇳 Dravidians · China
1101
-30
🇨🇳 Franks · China
1086
-23
🇨🇳 Khmer · China
1000
-38
Tsimentopoulos
1:05 Loom
14:24 Feudal Age
15:15 Feudal Age
18:14 Double-Bit Axe
20:45 Castle Age
19:01 Horse Collar
23:04 Bow Saw
22:57 Heavy Plow
30:43 Wheelbarrow
31:54 Man-at-Arms
32:35 Squires
32:36 Long Swordsman
33:19 Scale Mail Armor
33:29 Forging
33:19 Scale Mail Armor
33:29 Forging
36:38 Hand Cart
37:27 Forging
40:30 Imperial Age
39:38 Fletching
40:05 Chain Mail Armor
40:25 Iron Casting
40:05 Chain Mail Armor
40:25 Iron Casting
40:06 Chain Mail Armor
40:26 Iron Casting
40:41 Anarchy
40:33 Two-Handed Swordsman
41:29 Elite Huskarl
42:11 Perfusion
42:25 Champion
43:46 Pikeman
45:58 Blast Furnace
44:21 Halberdier
46:06 Conscription
46:55 Spies/Treason
Fly Lo
11:35 Feudal Age
12:21 Loom
14:57 Castle Age
13:33 Double-Bit Axe
13:37 Horse Collar
22:49 Bow Saw
24:45 Wheelbarrow
24:52 Heavy Plow
26:45 Hand Cart
29:02 Imperial Age
27:01 Husbandry
28:13 Bloodlines
29:08 Forging
29:04 Scale Barding Armor
30:24 Elite Battle Elephant
32:01 Iron Casting
32:01 Tusk Swords
32:27 Chain Barding Armor
33:09 Double Crossbow
33:24 Elite Ballista Elephant
35:07 Blast Furnace
35:29 Gold Mining
35:30 Stone Mining
40:13 Plate Barding Armor
44:14 Town Watch
45:03 Conscription
45:33 Coinage
45:04 Caravan
47:19 Spies/Treason
Sauron_aoe
0:49 Loom
13:31 Feudal Age
18:53 Castle Age
18:25 Fletching
18:36 Padded Archer Armor
18:22 Horse Collar
19:12 Double-Bit Axe
22:46 Stone Mining
24:41 Forging
26:32 Scale Barding Armor
31:39 Imperial Age
29:51 Wheelbarrow
32:11 Iron Casting
31:57 Chain Barding Armor
32:29 Ballistics
33:35 Chemistry
35:31 Plate Barding Armor
35:06 Bodkin Arrow
40:05 Elite Leitis
manejc94
1:59 Loom
10:29 Feudal Age
14:49 Double-Bit Axe
17:40 Castle Age
17:36 Horse Collar
18:21 Forging
18:16 Scale Barding Armor
19:41 Bloodlines
19:31 Husbandry
21:40 Light Cavalry
24:40 Bow Saw
24:51 Heavy Plow
26:29 Wheelbarrow
27:17 Iron Casting
27:02 Chain Barding Armor
35:19 Gold Mining
35:21 Stone Mining
35:49 Hand Cart
40:54 Imperial Age
38:25 Grand Trunk Road
43:07 Fletching
43:17 Padded Archer Armor
44:18 Blast Furnace
44:02 Thumb Ring
44:25 Heavy Camel Rider
46:21 Imperial Camel Rider
轻拢慢念抹复挑
11:57 Feudal Age
17:24 Castle Age
19:29 Double-Bit Axe
22:13 Bow Saw
24:50 Fishing Lines
26:49 Gillnets
31:00 Gold Mining
31:01 Stone Mining
34:24 Imperial Age
32:32 Wheelbarrow
31:42 Loom
32:35 Scale Barding Armor
32:40 Forging
33:53 Gold Shaft Mining
33:42 Husbandry
35:27 Chain Barding Armor
35:43 Iron Casting
35:12 Chivalry
35:33 Conscription
34:48 Cavalier
36:16 Paladin
38:08 Plate Barding Armor
38:36 Blast Furnace
阿健
10:21 Feudal Age
15:39 Castle Age
14:15 Double-Bit Axe
18:02 Horse Collar
19:32 Loom
21:07 Stone Mining
22:23 Wheelbarrow
22:59 Arson
23:33 Gold Mining
25:55 Squires
28:14 Forging
28:05 Scale Mail Armor
32:16 Imperial Age
30:11 Heavy Plow
30:57 Treadmill Crane
33:35 Ballistics
33:11 Murder Holes
34:07 Crop Rotation
33:23 Elite Kamayuk
34:45 Hand Cart
36:33 Stone Shaft Mining
36:11 Bow Saw
36:38 Gold Shaft Mining
39:28 Iron Casting
39:08 Chain Mail Armor
子豪
20:23 Feudal Age
29:35 Castle Age
29:25 Double-Bit Axe
33:17 Husbandry
34:11 Scale Barding Armor
41:59 Ballistics
43:55 Bloodlines
小马哥
11:09 Feudal Age
16:07 Castle Age
14:46 Double-Bit Axe
15:20 Horse Collar
18:13 Bow Saw
18:04 Heavy Plow
22:39 Squires
22:26 Arson
25:05 Forging
28:24 Wheelbarrow
27:35 Loom
28:09 Pikeman
29:37 Hand Cart
31:24 Scale Mail Armor
32:03 Fletching
Connection lost

Rejoining the realm…

Still unreachable

The connection could not be restored.

Session expired

The server has moved on; the page needs a fresh start.